[Event "Late-Titled-Tuesday-Blitz-January-23-2024"]
[Site "Chess.com"]
[Date "2024.01.23"]
[Round "5"]
[White "Piotrek1979"]
[Black "PawnEatingZombie"]
[Result "1-0"]
[WhiteElo "2393"]
[BlackElo "2110"]
[TimeControl "180+1"]
[EndTime "14:54:31 PST"]
[Termination "Piotrek1979 won by checkmate"]

1. c4 Nf6 2. Nf3 g6 3. g3 Bg7 4. Bg2 O-O 5. O-O d6 6. Nc3 Nc6 7.
d3 e5 8. Bg5 h6 9. Bxf6 Qxf6 10. Nd2 Nd4 11. e3 Ne6 12. Rb1 a5 13. a3 c6 14. b4 axb4 15. axb4 Qe7 16. b5 Bd7 17. Qc2 h5 18. Ra1 h4 19. Nb3 hxg3 20.
hxg3 Ng5 21. Qe2 e4 22. d4 Bh3 23. Bxh3 Nxh3+ 24. Kg2 Ng5 25. b6 f5 26. Ra7 Rab8 27. Rfa1 Nf3 28. Nd2 Ng5 29. Qd1 Kf7 30. Qb3 Rh8 31.
c5+ d5 32. Nxd5 Qe6 33. Nf4 Qxb3 34. Nxb3 Nf3 35. Kf1 g5 36. Ng2 Ke6 37. Ke2 Kd5 38. Nd2 g4 39. Nf4# 1-0

[Event "Late-Titled-Tuesday-Blitz-January-23-2024"]
[Site "Chess.com"]
[Date "2024.01.23"]
[Round "5"]
[White "rdarruda"]
[Black "FM_Kappeler"]
[Result "1-0"]
[WhiteElo "2542"]
[BlackElo "2276"]
[TimeControl "180+1"]
[EndTime "14:54:33 PST"]
[Termination "rdarruda won on time"]

1. e4 c5 2. Nf3 e6 3. Nc3 Nc6 4.
d4 cxd4 5. Nxd4 d6 6. Be3 Nf6 7. Be2 Be7 8. O-O O-O 9. f4 e5 10.
Nb3 exf4 11. Bxf4 Be6 12. Kh1 d5 13. exd5 Nxd5 14. Nxd5 Qxd5 15. Bf3 Qxd1 16. Raxd1 Rad8 17. c3 Bc4 18. Rfe1 Rxd1 19. Rxd1 Rd8 20. Rxd8+ Nxd8 21. Bb8 a6 22. Kg1 b5 23. Kf2 Bg5 24. Bd6 f5 25.
Nc5 Bxa2 26. Nxa6 Kf7 27. Nc7 Bc4 28. Be2 Nb7 29. Be5 Bc1 30. b4 Bd2 31. Nxb5 Be6 32. Bf3 Bh6 33. Bd4 Nd8 34. Nd6+ 1-0

[Event "Late-Titled-Tuesday-Blitz-January-23-2024"]
[Site "Chess.com"]
[Date "2024.01.23"]
[Round "5"]
[White "sebastianmarinp"]
[Black "Jem"]
[Result "0-1"]
[WhiteElo "2380"]
[BlackElo "2172"]
[TimeControl "180+1"]
[EndTime "14:54:33 PST"]
[Termination "Jem won by resignation"]

1. d4 Nf6 2. c4 g6 3. Nc3 Bg7 4. g3 O-O 5. Bg2 d6 6. e4 Nc6 7.
Nge2 e5 8. O-O h6 9. h3 a5 10.
Be3 Nh5 11. Qd2 Kh7 12. Kh2 f5 13. f4 exd4 14. Nxd4 Nxd4 15. Bxd4 c6 16. Rad1 Bxd4 17. Qxd4 Rf6 18. e5 Re6 19. exd6 Bd7 20. Rfe1 Qf6 21.
Qxf6 Nxf6 22. Rxe6 Bxe6 23. Re1 Bxc4 24. Re7+ Kg8 25.
Rxb7 Rd8 26. b3 Bd5 27. Bxd5+ Nxd5 28. Nxd5 cxd5 29. d7 d4 30. Kg2 Kf7 31. Kf2 Ke6 32. Ke2 Kd5 33. Kd3 Kc5 34. a3 Kc6 35. Ra7 Kb6 36. Kxd4 Kxa7 37. Ke5 Rxd7 38. Kf6 Rd6+ 39. Kf7 h5 40. b4 axb4 41. axb4 Kb6 42. Ke7 Rc6 43.
Kf7 Kb5 44. Kg7 Kxb4 45. Kh6 Kc3 46. Kg5 Kd4 47. g4 hxg4 48. hxg4 fxg4 49. Kxg4 Ke4 0-1

[Event "Late-Titled-Tuesday-Blitz-January-23-2024"]
[Site "Chess.com"]
[Date "2024.01.23"]
[Round "5"]
[White "AndreyNeves"]
[Black "Sanyura"]
[Result "0-1"]
[WhiteElo "2019"]
[BlackElo "2616"]
[TimeControl "180+1"]
[EndTime "14:54:35 PST"]
[Termination "Sanyura won by resignation"]

1. d4 Nf6 2. c4 g6 3. Nc3 Bg7 4.
e4 d6 5. Nf3 O-O 6. Be2 e5 7. O-O Nc6 8. d5 Ne7 9. b4 Nh5 10. Re1 Nf4 11. Bxf4 exf4 12. Rc1 a5 13. b5 h6 14. Bd3 g5 15. e5 Bg4 16. e6 fxe6 17. dxe6 c6 18. Ne4 d5 19. Nc5 Qd6 20.
Nd7 Rfd8 21. c5 Qc7 22. b6 Qc8 23. Bb1 Bxe6 24. Rxe6 Qxd7 25. Qe2 Kf8 26. h3 Ng8 27.
Re1 Re8 28. Nxg5 hxg5 29. Qg4 Rxe6 30. Rxe6 Qf7 31. Bg6 Nh6 32. Qe2 Qd7 33. h4 Nf7 34. Qg4 Re8 35. Qf5 Qxe6 36. Qxe6 Rxe6 37. Bxf7 Re1+ 0-1

[Event "Late-Titled-Tuesday-Blitz-January-23-2024"]
[Site "Chess.com"]
[Date "2024.01.23"]
[Round "5"]
[White "HackingKid98"]
[Black "SaqoChess_Twitch"]
[Result "0-1"]
[WhiteElo "2539"]
[BlackElo "2629"]
[TimeControl "180+1"]
[EndTime "14:54:36 PST"]
[Termination "SaqoChess_Twitch won by resignation"]

1. Nf3 d5 2. d4 e6 3. c4 Nf6 4. g3 Be7 5. Bg2 O-O 6. Qc2 dxc4 7. Qxc4 a6 8. Qc2 b5 9. Ng5 Ra7 10. O-O h6 11. Ne4 Bb7 12. Be3 Nd5 13. Bd2 Nd7 14. Nbc3 Qa8 15. Nxd5 Bxd5 16. f3 Rc8 17. Nc5 Nxc5 18.
dxc5 Rd8 19. e4 Bc4 20. Rfe1 Bxc5+ 21. Be3 Bxe3+ 22. Rxe3 e5 23. b3 Be6 24. Rc3 Qb8 25. Rc1 Rc8 26. Qf2 a5 27. Qc5 f6 28. Qe7 Re8 29. Qc5 a4 30. Bf1 axb3 31. axb3 b4 32. Re3 Qb6 33. Qxb6 cxb6 34. Bc4 Bxc4 35. Rxc4 Ra1+ 36.
Kf2 Ra2+ 37. Re2 Rxe2+ 38. Kxe2 Re6 39. Rxb4 Kf7 40. Rb5 Ke7 41. Kd3 Kd7 42. Rd5+ Kc7 43. b4 Rc6 44. f4 exf4 45. gxf4 Rc1 46. e5 Rd1+ 47. Ke4 f5+ 48. Kxf5 Rxd5 49. Kg6 Rd4 50. f5 Rg4+ 51. Kf7 Rf4 52. Ke6 Rxb4 53. f6 gxf6 54. exf6 Rf4 55. Ke7 b5 56. f7 Rxf7+ 57. Kxf7 b4 58.
Kg6 b3 59. Kxh6 b2 60. h4 b1=Q 61. h5 Qf5 0-1

[Event "Late-Titled-Tuesday-Blitz-January-23-2024"]
[Site "Chess.com"]
[Date "2024.01.23"]
[Round "5"]
[White "el_sporco"]
[Black "JackRodgers"]
[Result "0-1"]
[WhiteElo "2366"]
[BlackElo "2562"]
[TimeControl "180+1"]
[EndTime "14:54:36 PST"]
[Termination "JackRodgers won by resignation"]

1. e4 c5 2. Nf3 g6 3. d4 cxd4 4. Nxd4 Bg7 5. Nc3 Nc6 6. Be3 Nf6 7. Bc4 Qa5 8. O-O O-O 9. h3 d6 10. Bb3 Bd7 11. Qe2 Rac8 12. f4 Nxd4 13. Bxd4 Bc6 14. Rae1 Nh5 15. Bxg7 Kxg7 16. Qf2 Qc5 17. g4 Nf6 18.
Qxc5 dxc5 19. e5 Nd7 20. Bd5 Bxd5 21. Nxd5 e6 22. Ne3 Rfd8 23. Rd1 Nb6 24. Kf2 Rd4 25.
c3 Rxf4+ 26. Kg3 Re4 27. Rfe1 Nd5 28. Kf3 Rxe3+ 29. Rxe3 Nxe3 30. Kxe3 Rc7 31. g5 h6 32. h4 hxg5 33. hxg5 Kf8 34. Ke4 Ke7 35. c4 Rc8 36.
Rd3 Rh8 37. Rg3 Rh4+ 38. Kd3 Rd4+ 39. Kc3 Re4 40. b4 cxb4+ 41. Kxb4 Rxe5 42. c5 b6 43. cxb6 axb6 44. a4 Ra5 45. Rc3 Kd7 46. Rf3 Rf5 47. Rc3 Rxg5 48. Rd3+ Rd5 49. Rf3 f5 50. Rh3 g5 51. Rh7+ Kd6 52. Rb7 Kc6 53. Rg7 g4 54. Re7 Re5 0-1

[Event "Late-Titled-Tuesday-Blitz-January-23-2024"]
[Site "Chess.com"]
[Date "2024.01.23"]
[Round "5"]
[White "AlexOstrovskiy"]
[Black "Practical-Play"]
[Result "1-0"]
[WhiteElo "2771"]
[BlackElo "2521"]
[TimeControl "180+1"]
[EndTime "14:54:38 PST"]
[Termination "AlexOstrovskiy won by checkmate"]

1. e4 c5 2. Nc3 d6 3. d4 cxd4 4. Qxd4 Nc6 5. Qd2 Nf6 6. b3 e6 7.
Bb2 Be7 8. O-O-O O-O 9. f4 a6 10. g4 Nxg4 11. Nf3 Qb6 12. Rg1 Nf6 13. Bd3 Nb4 14. e5 dxe5 15. fxe5 Nxd3+ 16. Qxd3 Rd8 17. Qe2 Nd5 18. Nxd5 Rxd5 19. Rxd5 exd5 20. e6 f6 21. Nd4 Bc5 22. Qg2 Qc7 23. Qxd5 Qd6 24. Rxg7+ Kh8 25. Rxh7+ Kxh7 26. Qh5+ Kg8 27. Qg6+ Kh8 28. Qxf6+ Kg8 29.
Qf7+ Kh8 30. Nf5+ Bd4 31. Bxd4+ Qxd4 32. Nxd4 Bd7 33. exd7 Rg8 34. Qxg8+ Kxg8 35. d8=Q+ Kh7 36. Qd5 Kh6 37. Qf5 b5 38. Ne6 a5 39. Qg5+ Kh7 40. Qg7# 1-0

[Event "Late-Titled-Tuesday-Blitz-January-23-2024"]
[Site "Chess.com"]
[Date "2024.01.23"]
[Round "5"]
[White "Actuary44"]
[Black "Felix-Rose"]
[Result "1-0"]
[WhiteElo "2484"]
[BlackElo "2322"]
[TimeControl "180+1"]
[EndTime "14:54:38 PST"]
[Termination "Actuary44 won on time"]

1. e4 e5 2. Nf3 Nc6 3. Bb5 a6 4. Ba4 Nf6 5. d3 b5 6. Bb3 Bc5 7. a4 Rb8 8. axb5 axb5 9. c3 d6 10. h3 h6 11. O-O O-O 12. Be3 Bb6 13. Nbd2 Ne7 14. d4 Ng6 15. dxe5 dxe5 16. Bxb6 Rxb6 17. Ra8 Qe7 18. Qc2 Bb7 19. Rxf8+ Qxf8 20. g3 Qa8 21. Re1 c5 22. c4 b4 23. Ba4 Ra6 24. b3 Rd6 25. h4 Qc8 26. Nf1 Qg4 27. N3h2 Bxe4 28. Nxg4 Bxc2 29. Nxe5 Nxe5 30. Rxe5 Rd1 31. Kg2 Be4+ 32.
f3 Bd3 33. Ne3 Rd2+ 34. Kh3 Rf2 35. Bc6 Re2 36. g4 g6 37. Kg3 Kh7 38. Kf4 Kg7 39. Rxc5 1-0

[Event "Late-Titled-Tuesday-Blitz-January-23-2024"]
[Site "Chess.com"]
[Date "2024.01.23"]
[Round "5"]
[White "Fh2411"]
[Black "Iuckyducky"]
[Result "0-1"]
[WhiteElo "2578"]
[BlackElo "2365"]
[TimeControl "180+1"]
[EndTime "14:54:38 PST"]
[Termination "Iuckyducky won on time"]

1. d4 Nf6 2. Nf3 g6 3. Bf4 Bg7 4. e3 b6 5. h3 Bb7 6. Be2 c5 7. O-O d5 8. a4 O-O 9. a5 Nbd7 10.
a6 Bc6 11. Nc3 e6 12. Bb5 Rc8 13. Bxc6 Rxc6 14. Nb5 Ne4 15. Nxa7 Rc7 16. Nb5 Rc8 17. c3 Re8 18. a7 e5 19. dxe5 Nxe5 20. Nxe5 Bxe5 21.
Bxe5 Rxe5 22. Qg4 Re8 23. Rfd1 Qf6 24. Qf4 Qc6 25. c4 dxc4 26. Nd6 Nxd6 27. Qxd6 Qb7 28.
Qd7 Qe4 29. Rd6 Ra8 30. Rxb6 Kg7 0-1

[Event "Late-Titled-Tuesday-Blitz-January-23-2024"]
[Site "Chess.com"]
[Date "2024.01.23"]
[Round "5"]
[White "Polish_fighter3000"]
[Black "MITerryble"]
[Result "1/2-1/2"]
[WhiteElo "3093"]
[BlackElo "3028"]
[TimeControl "180+1"]
[EndTime "14:54:40 PST"]
[Termination "Game drawn by repetition"]

1. d4 e6 2. c4 Bb4+ 3. Nd2 Nf6 4.
Nf3 a5 5. a3 Bxd2+ 6. Bxd2 b6 7.
Bg5 Bb7 8. e3 d6 9. Qc2 Nbd7 10.
Be2 h6 11. Bh4 g5 12. Bg3 Ne4 13. Rd1 f5 14. d5 e5 15. Nd2 Ndf6 16. Nxe4 Nxe4 17.
Bd3 Nxg3 18. fxg3 e4 19. Be2 O-O 20. O-O Qe7 21. Qc3 Qg7 22. Qxg7+ Kxg7 23. g4 f4 24. Rd4 Rae8 25. Bd1 fxe3 26. Re1 Rf2 27. Rxe3 Rxb2 28. h3 Bc8 29. Ba4 Re5 30. Rdxe4 Kf6 31. Bc6 Rc2 32.
Rf3+ Ke7 33. Rfe3 Kf6 34. Bb5 Ra2 35. a4 Rd2 36. Kh2 Rc2 37. Kg3 Rd2 38. Rf3+ Ke7 39. Rfe3 Kf6 40. Kf3 Rb2 41. Kg3 Rd2 1/2-1/2

[Event "Late-Titled-Tuesday-Blitz-January-23-2024"]
[Site "Chess.com"]
[Date "2024.01.23"]
[Round "5"]
[White "Vamostodorecto"]
[Black "Nouali_Mohamed"]
[Result "1-0"]
[WhiteElo "2387"]
[BlackElo "2540"]
[TimeControl "180+1"]
[EndTime "14:54:42 PST"]
[Termination "Vamostodorecto won by resignation"]

1. d4 Nf6 2. c4 g6 3. Nc3 Bg7 4. e4 d6 5. f3 O-O 6. Be3 Nbd7 7. Qd2 Re8 8. Bd3 c5 9. d5 a6 10. Nh3 Ne5 11. Be2 Bxh3 12. gxh3 b5 13. cxb5 axb5 14. Nxb5 e6 15. dxe6 Rxe6 16. Nc3 d5 17. exd5 Rd6 18. Bxc5 Rd7 19. Rd1 Qc7 20. b4 Rad8 21. d6 Qc6 22. O-O Nh5 23. f4 Bh6 24. Bxh5 gxh5 25. Qd5 Qxd5 26. Nxd5 Nc4 27. Nf6+ Kg7 28.
Nxd7 Rxd7 29. Rf3 Kf6 30. Rd4 Nb2 31. Rd5 Bf8 32. Bd4+ Ke6 33. Re5+ Kxd6 34. Bxb2 Bg7 35. Rd3+ Kc7 36. Rxd7+ Kxd7 37. Rd5+ Ke6 38. Rd2 Bf8 39.
a3 Be7 40. Re2+ Kd7 41. Rxe7+ Kxe7 42. Kf2 1-0

[Event "Late-Titled-Tuesday-Blitz-January-23-2024"]
[Site "Chess.com"]
[Date "2024.01.23"]
[Round "5"]
[White "Njal28"]
[Black "tptagain"]
[Result "1-0"]
[WhiteElo "3053"]
[BlackElo "2932"]
[TimeControl "180+1"]
[EndTime "14:54:43 PST"]
[Termination "Njal28 won by resignation"]

1. e4 c5 2. Nf3 Nc6 3. Nc3 d6 4. Bb5 e5 5. d3 g6 6. Nd5 Bg7 7.
c3 a6 8. Bc4 Nce7 9. O-O Nxd5 10. Bxd5 Ne7 11. Bb3 O-O 12. h3 Qc7 13. Re1 b5 14. d4 exd4 15. cxd4 Nc6 16. Be3 c4 17. Bc2 d5 18. exd5 Nb4 19. Be4 Bb7 20. d6 Qc8 21. Bg5 f6 22. Bf4 Bxe4 23. Rxe4 Nd5 24.
Qd2 Re8 25. Rxe8+ Qxe8 26. Re1 Qf7 27. Bg3 Bf8 28. Qa5 Qd7 29. a4 Qc6 30. Nd2 Qb6 31.
Qxb6 Nxb6 32. axb5 axb5 33. Ne4 Kf7 34. Nc5 Rd8 35.
Ra1 g5 36. Ra7+ Kg8 37. Rb7 Nd5 38. Ne6 Rxd6 39. Bxd6 Bxd6 40. Rd7 Nf4 41. Rxd6 1-0

[Event "Late-Titled-Tuesday-Blitz-January-23-2024"]
[Site "Chess.com"]
[Date "2024.01.23"]
[Round "5"]
[White "BilodeauA"]
[Black "js20000"]
[Result "0-1"]
[WhiteElo "2942"]
[BlackElo "2881"]
[TimeControl "180+1"]
[EndTime "14:54:43 PST"]
[Termination "js20000 won by checkmate"]

1. e4 Nc6 2. Nf3 e6 3. d4 d5 4. e5 f6 5. Bb5 Bd7 6. a4 a6 7. Bxc6 Bxc6 8. O-O Qd7 9. b3 O-O-O 10. Ba3 Ne7 11.
Re1 Ng6 12. Bxf8 Rhxf8 13. Nbd2 Qf7 14. b4 fxe5 15. b5 axb5 16. axb5 Bxb5 17. dxe5 Ba6 18. Nb3 Nf4 19. Re3 d4 20. Nbxd4 c5 21. Rc3 Rd5 22. Qb1 Rfd8 23. g3 Ne2+ 24. Nxe2 Bxe2 25. Kg2 Qc7 26. Qa2 Ba6 27. Qa3 Qc6 28. Rb1 Kd7 29. Re3 Ke7 30.
c4 Rd2 31. g4 Rf8 32. Kg3 Rdd8 33. Rc1 Kf7 34. Qb2 Kg8 35. Qb1 b6 36. h4 Bb7 37.
Ng5 Qg2# 0-1

[Event "Late-Titled-Tuesday-Blitz-January-23-2024"]
[Site "Chess.com"]
[Date "2024.01.23"]
[Round "5"]
[White "BogdanDeac"]
[Black "GM_dmitrij"]
[Result "1-0"]
[WhiteElo "3079"]
[BlackElo "3002"]
[TimeControl "180+1"]
[EndTime "14:54:44 PST"]
[Termination "BogdanDeac won by checkmate"]

1. d4 Nf6 2. c4 e6 3. Nf3 b6 4. g3 Bb7 5. Bg2 Be7 6. O-O O-O 7. Re1 Ne4 8. Nfd2 d5 9. cxd5 exd5 10. Nxe4 dxe4 11.
Nc3 f5 12. Bf4 Nc6 13. Qb3+ Kh8 14. d5 Na5 15. Qa4 Bd6 16. e3 Bxf4 17. exf4 Bxd5 18. Red1 c6 19. Nxd5 cxd5 20. Rac1 Rc8 21. Rxc8 Qxc8 22. Rxd5 Qc1+ 23. Qd1 Qxb2 24. Rxf5 Rc8 25.
Rd5 Nc6 26. Bxe4 g6 27. Rd6 Nb4 28. Rd8+ Rxd8 29. Qxd8+ Kg7 30. Qe7+ Kh6 31. Qxa7 Nxa2 32. Qe7 Nc1 33. Kg2 Ne2 34. Bf3 Nd4 35. Qf8# 1-0

[Event "Late-Titled-Tuesday-Blitz-January-23-2024"]
[Site "Chess.com"]
[Date "2024.01.23"]
[Round "5"]
[White "jamengrand"]
[Black "Qvalda"]
[Result "1-0"]
[WhiteElo "2275"]
[BlackElo "2423"]
[TimeControl "180+1"]
[EndTime "14:54:44 PST"]
[Termination "jamengrand won by resignation"]

1. e4 e6 2. d4 d5 3. e5 c5 4. c3 Nc6 5. Nf3 Nge7 6. Bd3 cxd4 7. O-O Nf5 8. Re1 dxc3 9. Nxc3 Be7 10. a3 O-O 11. b4 Nh4 12. Bb2 Bd7 13. Rc1 Rc8 14. Bb1 a6 15. Qd3 Nxf3+ 16. gxf3 g6 17. f4 Bh4 18.
Nd1 Ne7 19. Rxc8 Qxc8 20. Qh3 Nf5 21. Bxf5 Bxf2+ 22. Nxf2 exf5 23. Rc1 Qd8 24. e6 Bxe6 25. Be5 f6 26. Bd4 Bf7 27. Qh4 Re8 28. Qxf6 Qxf6 29.
Bxf6 Re3 30. Rc8+ Be8 31. Be5 Kf8 32. Rd8 Rxa3 33. Rxd5 Bc6 34. Rd1 Rb3 35. h4 Kf7 36. Rd4 Ke6 37. Kh2 Rf3 38. Nh3 h6 39. Rd6+ Kf7 40. h5 gxh5 41. Rxh6 Rb3 42. Ng5+ Ke7 43. Rh7+ Kd8 44. Ne6+ Ke8 45. Bf6 Rb2+ 46. Bxb2 Bd5 47.
Nc7+ 1-0

[Event "Late-Titled-Tuesday-Blitz-January-23-2024"]
[Site "Chess.com"]
[Date "2024.01.23"]
[Round "5"]
[White "mishanick"]
[Black "AntonSmirnov"]
[Result "1-0"]
[WhiteElo "3075"]
[BlackElo "2981"]
[TimeControl "180+1"]
[EndTime "14:54:45 PST"]
[Termination "mishanick won by resignation"]

1. d4 d5 2. c4 c6 3. Nf3 Nf6 4.
Nc3 dxc4 5. a4 Bf5 6. Ne5 e6 7. f3 Bb4 8. Kf2 Bc2 9. Qd2 Bb3 10. e4 b5 11. Qe3 O-O 12. axb5 Bxc3 13. bxc3 cxb5 14. Ba3 Re8 15. h4 a5 16. Be2 Nfd7 17. h5 h6 18. Ng4 Nc6 19. Bd6 f5 20. Ne5 Nb6 21. Bc5 Nxe5 22. dxe5 Na4 23. Bd4 Rf8 24. exf5 Rxf5 25. g4 Rf7 26. Kg3 b4 27. cxb4 axb4 28. Rhc1 c3 29. Bd3 Nb2 30. Bg6 Rf8 31. Bc5 Nc4 32.
Qf2 Qc7 33. Bxf8 Rxf8 34. f4 Nd2 35. Ra7 Qc6 36. Rxg7+ Kh8 37. Rh7+ Kg8 38. Qa7 1-0

[Event "Late-Titled-Tuesday-Blitz-January-23-2024"]
[Site "Chess.com"]
[Date "2024.01.23"]
[Round "5"]
[White "LiemLe"]
[Black "Elsa167"]
[Result "1-0"]
[WhiteElo "3108"]
[BlackElo "2942"]
[TimeControl "180+1"]
[EndTime "14:54:45 PST"]
[Termination "LiemLe won by checkmate"]

1. Nf3 Nf6 2. c4 g6 3. Nc3 Bg7 4. e4 d6 5. d4 Bg4 6. Be2 Bxf3 7.
Bxf3 e5 8. d5 h5 9. h4 Nbd7 10.
g3 Bh6 11. Bxh6 Rxh6 12. Qd2 Rh8 13. O-O-O a5 14. Kb1 Nc5 15. Rde1 Kf8 16. Bd1 Kg7 17.
f4 c6 18. Rhf1 cxd5 19. exd5 e4 20. Qd4 Re8 21. Bc2 Kg8 22. f5 Re5 23. fxg6 fxg6 24.
Rf4 Qe7 25. a3 Re8 26. Ka2 Qg7 27. Ref1 Ng4 28. Nb5 R5e7 29. Qxg7+ Kxg7 30. Nxd6 Rd8 31. Nxe4 Nxe4 32. Rxe4 Rxe4 33. Bxe4 Ne3 34. Rc1 b6 35. Rc3 Ng4 36. Rb3 Rd6 37. Bf3 Ne5 38. Be2 Kf6 39.
Re3 Nd7 40. b4 axb4 41. axb4 b5 42. Kb3 bxc4+ 43. Bxc4 Ne5 44. Kc3 Kf5 45. Kd4 Ng4 46.
Rf3# 1-0

[Event "Late-Titled-Tuesday-Blitz-January-23-2024"]
[Site "Chess.com"]
[Date "2024.01.23"]
[Round "5"]
[White "Siemba"]
[Black "Arifarsky"]
[Result "1-0"]
[WhiteElo "2571"]
[BlackElo "2692"]
[TimeControl "180+1"]
[EndTime "14:54:45 PST"]
[Termination "Siemba won by resignation"]

1. e4 c5 2. Nf3 e6 3. d4 cxd4 4.
Nxd4 a6 5. c4 Qc7 6. Nc3 Nf6 7. a3 Nc6 8. Nxc6 dxc6 9. Be3 e5 10.
Be2 Be6 11. O-O a5 12. Rc1 Qb8 13. f3 Be7 14. Qe1 O-O 15. Qf2 Rd8 16. Bb6 Rd2 17.
Na4 Qf8 18. Rfd1 Rxd1+ 19. Rxd1 Nd7 20. Be3 h6 21. Nb6 Nxb6 22. Bxb6 a4 23. c5 Bd8 24. Bf1 Bxb6 25. cxb6 Rd8 26. Rxd8 Qxd8 27. Qc5 f6 28. Qb4 Kh8 29. Kf2 h5 30. Be2 h4 31. g4 Qd4+ 32. Qxd4 exd4 33. Ke1 c5 34. Bb5 Bb3 35. Bc6 c4 36. Kd2 c3+ 37. bxc3 dxc3+ 38. Kxc3 Bd1 39. Bxb7 Bxf3 40. Bd5 Bxe4 41. Bxe4 1-0

[Event "Late-Titled-Tuesday-Blitz-January-23-2024"]
[Site "Chess.com"]
[Date "2024.01.23"]
[Round "5"]
[White "shirovin"]
[Black "jinxy2009"]
[Result "1-0"]
[WhiteElo "2007"]
[BlackElo "2212"]
[TimeControl "180+1"]
[EndTime "14:54:45 PST"]
[Termination "shirovin won on time"]

1. e4 c5 2. Nf3 Nc6 3. b4 cxb4 4. d4 g6 5. d5 Bg7 6. dxc6 Bxa1 7. Bc4 Nf6 8. e5 d5 9. Bb5 O-O 10. exf6 Bxf6 11.
O-O Qa5 12. Qe2 bxc6 13. Bxc6 Rb8 14. Rd1 e6 15. Ne5 Ba6 16. Qe1 Qxa2 17. Bh6 Bg7 18. Bxg7 Kxg7 19. Nd7 Qxc2 20. Nxb8 Rxb8 21. Rc1 Qf5 22. Qe3 b3 23. Re1 Bc4 24. Nd2 a5 25. Qa7 Rb4 26. Be8 b2 27. Nb1 Bd3 28. Qxa5 Rb8 29.
Qc3+ f6 30. Qc7+ Kh6 31. Qxb8 Bxb1 32. Qxb2 Bd3 33. Qc1+ Kg7 34. Qe3 Be4 35. f3 1-0

[Event "Late-Titled-Tuesday-Blitz-January-23-2024"]
[Site "Chess.com"]
[Date "2024.01.23"]
[Round "5"]
[White "TimGrutter03"]
[Black "Rikikits"]
[Result "0-1"]
[WhiteElo "2570"]
[BlackElo "2831"]
[TimeControl "180+1"]
[EndTime "14:54:46 PST"]
[Termination "Rikikits won on time"]

1. Nf3 d5 2. c4 c6 3. g3 Nf6 4. Bg2 Bg4 5. O-O e6 6. b3 Nbd7 7. Bb2 Bd6 8. h3 Bh5 9. d4 O-O 10.
Nbd2 a5 11. Ne5 a4 12. Ndf3 a3 13. Bc3 Ne4 14. Be1 f5 15. Nxd7 Qxd7 16. Ne5 Qc7 17. f4 c5 18. Bf3 Bxf3 19. exf3 cxd4 20. fxe4 dxe4 21. b4 Bxe5 22. fxe5 Qxe5 23. Qb3 g5 24. Rd1 Rad8 25. c5 f4 26. gxf4 gxf4 27. Kh1 Kh8 28. Bh4 Rd5 29. Be7 Rf5 30. Bd6 Qf6 31. Qxa3 Kg7 32. Rg1+ Kh6 33. Qb2 f3 34. Qh2 f2 35.
Rgf1 e3 36. Qg2 Rh5 37. Bh2 Rdg5 38. Qe4 e5 39. c6 bxc6 40. a4 Rxh3 41. Rd3 Rg1+ 42.
Rxg1 fxg1=Q+ 43. Kxg1 Qf2+ 0-1

[Event "Late-Titled-Tuesday-Blitz-January-23-2024"]
[Site "Chess.com"]
[Date "2024.01.23"]
[Round "5"]
[White "mbchess97"]
[Black "lucachess49"]
[Result "0-1"]
[WhiteElo "2321"]
[BlackElo "2521"]
[TimeControl "180+1"]
[EndTime "14:54:46 PST"]
[Termination "lucachess49 won by checkmate"]

1. d4 b6 2. e4 Bb7 3. Nc3 e6 4. a3 Nf6 5. Bd3 d6 6. Nge2 Nbd7 7. f3 c5 8. Be3 Rc8 9. Ng3 h5 10. Qd2 h4 11. Nf1 h3 12. Ng3 cxd4 13.
Bxd4 Ne5 14. O-O-O Nxd3+ 15. cxd3 e5 16. Be3 d5 17. d4 dxe4 18. fxe4 Bxa3 19. gxh3 Bb4 20. d5 Rxh3 21. Kb1 Bxc3 22. bxc3 Qd7 23. Qd3 Qa4 24. Rd2 Ba6 25. Qc2 Qd7 26. Qa2 Bc4 27.
Qa3 g6 28. Rf2 Ng4 29. Re1 Nxf2 30. Bxf2 Rxh2 31. Be3 Bd3+ 32. Ka1 Rc2 33. Rc1 R8xc3 34. Qxc3 Qa4+ 35. Kb1 Qa2# 0-1

[Event "Late-Titled-Tuesday-Blitz-January-23-2024"]
[Site "Chess.com"]
[Date "2024.01.23"]
[Round "5"]
[White "olawsson"]
[Black "Manukyan_Artak"]
[Result "1-0"]
[WhiteElo "2173"]
[BlackElo "2505"]
[TimeControl "180+1"]
[EndTime "14:54:47 PST"]
[Termination "olawsson won by checkmate"]

1. d4 d5 2. c4 dxc4 3. Nf3 Nf6 4. e3 e6 5. Bxc4 a6 6. a4 c5 7. O-O Nc6 8. Qe2 cxd4 9. Rd1 Be7 10. Nxd4 Nxd4 11. Rxd4 Bd7 12. e4 e5 13. Rd1 Qc7 14.
Nc3 Rc8 15. Bb3 O-O 16. Bg5 Be6 17. Nd5 Nxd5 18. exd5 Bxd5 19. Rxd5 Bxg5 20. Rxe5 Bf6 21. Re4 g6 22. h3 Kg7 23. Re1 Qb6 24. Qf3 Rc7 25.
R1e2 h5 26. g3 h4 27. Kg2 hxg3 28. fxg3 Rd8 29. h4 Rc5 30. Rf4 Rd6 31. Rf2 Rcc6 32. g4 Rd4 33. g5 Rxf4 34. Qxf4 Bd4 35. Qxf7+ Kh8 36. Qg8# 1-0

[Event "Late-Titled-Tuesday-Blitz-January-23-2024"]
[Site "Chess.com"]
[Date "2024.01.23"]
[Round "5"]
[White "SergioMoralesG"]
[Black "RodokininEV"]
[Result "1/2-1/2"]
[WhiteElo "2467"]
[BlackElo "2605"]
[TimeControl "180+1"]
[EndTime "14:54:48 PST"]
[Termination "Game drawn by repetition"]

1. d4 Nf6 2. c4 g6 3. Nc3 Bg7 4. e4 d6 5. Nf3 O-O 6. Be2 Bg4 7. Be3 Nfd7 8. O-O Nc6 9. d5 Bxf3 10. Bxf3 Na5 11.
Be2 Bxc3 12. bxc3 e5 13. f4 exf4 14. Rxf4 Qe7 15. Qa4 b6 16. Raf1 Nb7 17. Qc6 Ndc5 18. Bd4 Na5 19. Qb5 Nxe4 20. Bd3 Nc5 21. Bb1 Qd7 22. Qb4 Rae8 23. h4 Re5 24. Bxe5 dxe5 25. Rf6 Nab7 26. h5 Nd6 27. hxg6 hxg6 28. Bxg6 Qg4 29. Bf5 Qxc4 30. Qb1 Kg7 31. Bc2 Qxc3 32. Qc1 Qd4+ 33. R1f2 Nde4 34. Qh6+ Kg8 35. Bxe4 Nxe4 36.
Rg6+ fxg6 37. Qxg6+ Kh8 38. Qh6+ Kg8 39. Qxf8+ Kh7 40. Qf7+ Kh8 41. Qf8+ Kh7 42. Qf7+ Kh8 43. Qh5+ Kg7 44. Qg4+ Kh8 45. Qh5+ Kg7 46. Qf7+ Kh6 47. Qf8+ Kg6 48. Qf5+ Kh6 49. Qh3+ Kg7 50. Qg4+ Kh6 51. Qh4+ Kg7 52. Qg4+ 1/2-1/2

[Event "Late-Titled-Tuesday-Blitz-January-23-2024"]
[Site "Chess.com"]
[Date "2024.01.23"]
[Round "5"]
[White "Yurovskykh_Oleksandr"]
[Black "TheoSlade"]
[Result "1-0"]
[WhiteElo "2619"]
[BlackElo "2467"]
[TimeControl "180+1"]
[EndTime "14:54:49 PST"]
[Termination "Yurovskykh_Oleksandr won on time"]

1. d4 d5 2. Bf4 Nf6 3. e3 c5 4. c3 Nc6 5. Nd2 e6 6. Ngf3 Bd6 7. Bg3 O-O 8. Bb5 Ne7 9. Bd3 b6 10.
e4 Bxg3 11. hxg3 dxe4 12. Nxe4 Ng6 13. dxc5 bxc5 14. Nxc5 Qb6 15. Nb3 Rd8 16. Qe2 Bb7 17.
O-O Bxf3 18. gxf3 a5 19. Rad1 a4 20. Nd4 Rab8 21. Rd2 Ne7 22. Rfd1 Ned5 23. Be4 a3 24. Bxd5 Nxd5 25. Rb1 Nxc3 26. bxc3 Qxb1+ 27. Kg2 Rb2 28. Qe3 Qxa2 29. Qg5 f6 30. Qa5 Rf8 31. Rxb2 Qxb2 32. Nxe6 Re8 33. Qd5 Kh8 34. Qd7 Rg8 35. Nxg7 a2 36. Nh5 Qxc3 37. Nxf6 1-0

[Event "Late-Titled-Tuesday-Blitz-January-23-2024"]
[Site "Chess.com"]
[Date "2024.01.23"]
[Round "5"]
[White "emeli_chess"]
[Black "rionelG"]
[Result "1-0"]
[WhiteElo "2458"]
[BlackElo "2265"]
[TimeControl "180+1"]
[EndTime "14:54:49 PST"]
[Termination "emeli_chess won by resignation"]

1. d4 d5 2. c4 e6 3. Nc3 Nf6 4.
cxd5 exd5 5. Bg5 c6 6. Qc2 Be7 7. e3 O-O 8. Bd3 h6 9. Bh4 Re8 10. Nge2 Ne4 11. Bxe7 Qxe7 12. O-O Bf5 13. Rae1 Qg5 14.
Ng3 Nxg3 15. hxg3 Bxd3 16. Qxd3 Nd7 17. e4 dxe4 18. Nxe4 Qg6 19. Nc5 Qxd3 20. Nxd3 Nf6 21. Rxe8+ Rxe8 22. Re1 Rxe1+ 23. Nxe1 Kf8 24. f3 Ke7 25. Kf2 Kd6 26. Ke3 Nd5+ 27. Ke4 g6 28. g4 h5 29. gxh5 f5+ 30. Kd3 gxh5 31. a3 h4 32. b4 b6 33. Kc4 a6 34. Kd3 Nf4+ 35. Ke3 Nxg2+ 36. Nxg2 h3 37. Nh4 h2 38. Nxf5+ Kd5 39.
Ng3 Kc4 40. f4 c5 41. dxc5 bxc5 42. bxc5 Kxc5 43. Ke4 Kd6 44. f5 Ke7 45. Ke5 Kf7 46. f6 a5 47. a4 Kf8 48. Ke6 Ke8 49. Nh1 Kf8 50. f7 Kg7 51. Ke7 1-0